 Seeded DCSS version 0.29-a0-231-g945431f764 (webtiles) character file.

Game seed: 684492102606385270 (custom seed)

21 mcwallace the Chiller (level 3, -2/26 HPs)
             Began as a Formicid Ice Elementalist on Mar 1, 2022.
             Killed by nerve-wracking pain
             ... invoked by Jessica
              (9 damage)
             ... on level 2 of the Dungeon.
             The game lasted 00:01:25 (1163 turns).

mcwallace the Chiller (Formicid Ice Elementalist)   Turns: 1163, Time: 00:01:25

Health: -2/26      AC:  3    Str: 12    XL:     3   Next: 2%
Magic:  4/6        EV: 12    Int: 16    God:
Gold:   82         SH:  0    Dex: 11    Spells: 6/7 levels left

rFire   . . .      SeeInvis +   e - +0 dagger {short}
rCold   . . .      Faith    .   (no shield)
rNeg    . . .      Spirit   .   a - +0 robe
rPois   .          Reflect  .   (helmet unavailable)
rElec   .          Harm     .   (no cloak)
rCorr   .          Rampage  .   (no gloves)
Will    .....                   p - +0 pair of boots
Stlth   ++........              (no amulet)
HPRegen 0.08/turn               (no ring)
MPRegen 0.10/turn               (no ring)

@: no status effects
A: permanent stasis, dig shafts and tunnels, antennae 3, four strong arms
a: Dig, Shaft Self


You were on level 2 of the Dungeon.
You visited 1 branch of the dungeon, and saw 2 of its levels.

You collected 82 gold pieces.


Innate Abilities, Weirdness & Mutations

You cannot be hasted, slowed, berserked, paralysed or teleported.
You can dig through walls and to a lower floor.
You have a pair of large antennae on your head. (SInv)
Your four strong arms can wield two-handed weapons with a shield.


   Skills:
 + Level 1.1 Fighting
 + Level 2.1 Dodging
 - Level 2.4 Stealth
 + Level 2.5 Spellcasting
 + Level 4.2 Ice Magic


You had 6 spell levels left.
You knew the following spells:

 Your Spells              Type           Power      Damage    Failure   Level
a - Freeze                Ice            60%        1d8       3%          1

Your spell library contained the following spells:

 Spells                   Type           Power      Damage    Failure   Level
 Frozen Ramparts          Ice            30%        1d5       11%         3
 Ozocubu's Armour         Ice            15%        N/A       11%         3
 Hailstorm                Conj/Ice       8%         3d4       63%         4

Inventory:

Hand Weapons
 e - a +0 dagger (weapon) {short}
   (You found it on level 1 of the Dungeon)
Missiles
 k - 22 stones {throwing}
Armour
 a - a +0 robe (worn)
 c - a +0 robe
   (You found it on level 1 of the Dungeon)
 p - a +0 pair of boots (worn)
   (You found it on level 2 of the Dungeon)
Scrolls
 b - a scroll of holy word {unknown}
 d - a scroll of magic mapping {unknown}
 g - a scroll of summoning {unknown}
 i - a scroll of teleportation {unknown}
 j - a scroll of fear {unknown}
 l - a scroll of enchant weapon {unknown}
 n - a scroll of vulnerability {unknown}
 o - a scroll of identify {unknown}
Potions
 f - a potion of resistance {unknown}
 h - 3 potions of mutation {unknown}
 m - a potion of haste {unknown}

Dungeon Overview and Level Annotations

Branches:
Dungeon (2/15)

Altars:

Annotations:
D:2 Jessica

## .###### ......## .###...###
###......####
##..........###################
.#.......##....)@@............#
.#..>....##################..##
........## #.## #........# ##.#
.........# #####..# ##.......#
#.....## ###.....##
########@##### ........#
.........# #######.# ........##


You could see Jessica (fast).


Message History

You feel sick.
You feel sick.
You feel sick.
You are no longer poisoned.
Your magical contamination has completely faded away. 😱 HP[-3]
You take 3 damage, and now have 3/21 hp.
A rat comes into view. 😮 HP[+9] MP[+4]
You regained 9 hp, and now have 12/21 hp.
Your mp is fully restored (5).
A rat is nearby!
Casting: Freeze (safe; 4% risk of failure)
Confirm with . or Enter, or press ? or * to list all spells.
Aiming: Freeze (safe; 4% risk of failure)
Press: ? - help, Shift-Dir - straight line, f - rat
Aim: a rat You freeze the rat.
The rat bites you.
* * * LOW HITPOINT WARNING * * *
😨 HP[-2] MP[-1]
You take 2 damage, and now have 10/21 hp.
You lost 1 mp, and now have 4/5 mp.
Casting: Freeze (safe; 4% risk of failure)
Confirm with . or Enter, or press ? or * to list all spells.
Aiming: Freeze (safe; 4% risk of failure)
Press: ? - help, Shift-Dir - straight line, f/p - rat
Aim: a rat (heavily wounded)
You freeze the rat.
You kill the rat! 😨 MP[-1]
You lost 1 mp, and now have 3/5 mp.
Key pressed, stopping explore.
Key pressed, stopping explore.
h - 3 fizzy cyan potions (gained 1) Key pressed, stopping explore.
Found an escape hatch in the floor. 😎 HP[+11] MP[+2]
Your hp is fully restored (21).
Your mp is fully restored (5).
A kobold comes into view. It is wielding a +0 club.
A kobold is nearby!
A kobold is nearby!
The helpless kobold fails to defend itself.
You hit the kobold. The kobold barely misses you.
You freeze the kobold.
You kill the kobold! 😎 MP[-1]
You lost 1 mp, and now have 4/5 mp.
You can't see any susceptible monsters within range! (Use Z to cast anyway.)
You can't see any susceptible monsters within range! (Use Z to cast anyway.)
Things that are here:
a +0 club {mace}; a kobold corpse; 😎 MP[+1]
Your mp is fully restored (5).
You now have 65 gold pieces (gained 12).
Key pressed, stopping explore.
You sense a monster nearby.
Jessica the Apprentice Sorceress comes into view.
She is wielding a +2 antimagic dagger.
Jessica shouts!
A giant cockroach comes into view.
You see here 17 gold pieces.
You now have 82 gold pieces (gained 17).
Jessica casts a spell.
Jessica blinks!
The giant cockroach closely misses you. The giant cockroach barely misses you.
You freeze the giant cockroach.
The giant cockroach closely misses you. 😎 MP[-1]
You lost 1 mp, and now have 4/5 mp.
You freeze the giant cockroach.
You kill the giant cockroach!
You have reached level 3!
Your experience leads to an increase in your attributes!
Increase (S)trength, (I)ntelligence, or (D)exterity?
You feel clever. x2 😎 HP[+5] MP[-1]
You now have 26 max hp (+5).
Your hp is fully restored (26).
Jessica casts a spell at you.
You barely resist.
Jessica mumbles some strange words.
Jessica seems to speed up. 😎 MP[+1] Jessica mumbles some strange words.
Jessica blinks!
Jessica mumbles some strange words.
Jessica blinks!
Jessica gestures at you while chanting. Pain shoots through your body!
Jessica gestures at you while chanting. Pain shoots through your body!
* * * LOW HITPOINT WARNING * * *
😨 HP[-19] MP[+1]
You take 19 damage, and now have 7/26 hp.
MASSIVE DAMAGE!! (PAUSE)
Casting: Freeze (safe; 3% risk of failure)
Confirm with . or Enter, or press ? or * to list all spells.
Aiming: Freeze (safe; 3% risk of failure)
Press: ? - help, Shift-Dir - straight line, f - Jessica
Aim: Jessica, wielding a +2 antimagic dagger and wearing a +0 robe (fast)
You freeze Jessica. Jessica casts a spell at you.
Pain shoots through your body!
You die...

Skill      XL: |  1  2 |
---------------+-------+-----
Dodging        | 2 |  2.1
Fighting       | 1 |  1.1
Stealth        | |  2.4
Spellcasting   | |  2.5
Ice Magic      | |  4.2

Action                   || total
-------------------------++-------
Melee: Dagger            ||    26
       Unarmed           ||     1
 Cast: Freeze            ||    19
 Stab: Sleeping          ||     1
Armor: Robe              ||    15
Dodge: Dodged            ||    22

Levels and vault maps discovered:
D:1:      dpeg_arrival_rhombus, layout_basic, hellmonk_ecumenical_altar_run_dry
D:2:      layout_rooms, serial_shops, shop_fountains, basic_altar,
          nicolae_figureground_sparkle, uniq_jessica

Notes
Turn   | Place    | Note
-------+----------+-------------------------------------------
     0 | D:1      | mcwallace the Formicid Ice Elementalist began the quest for
                  | the Orb.
     0 | D:1      | Reached XP level 1. HP: 13/13 MP: 3/3
     0 | D:1      | magus.rc [v1.9.6]
   214 | D:1      | Found a faded altar of an unknown god.
   409 | D:1      | Reached XP level 2. HP: 19/20 MP: 1/5
   746 | D:2      | Reached skill level 2 in Dodging
   786 | D:2      | Reached skill level 1 in Fighting
   786 | D:2      | HP: 5/21 [poisoned by an adder]
  1137 | D:2      | Noticed Jessica
  1144 | D:2      | Reached XP level 3. HP: 26/26 MP: 3/6
  1163 | D:2      | Killed from afar by Jessica

Vanquished Creatures
  An adder (D:2)
  4 giant cockroaches
  A kobold (D:2)
  5 ball pythons
  2 rats
13 creatures vanquished.

Table legend:
 A = Non-vault XP
 B = Vault XP
 C = Vault XP percentage of total XP
 D = Non-vault monster count
 E = Vault monster count
 F = Vault count percentage of total count
                 A         B        C        D         E       F
            +---------+---------+-------+---------+---------+-------
      Total |      30 |       0 |   0.0 |      13 |       0 |   0.0
            +---------+---------+-------+---------+---------+-------
        D:1 |      11 |       0 |   0.0 |       8 |       0 |   0.0
        D:2 |      19 |       0 |   0.0 |       5 |       0 |   0.0
            +---------+---------+-------+---------+---------+-------

Illustrated notes

Table legend:
 A = Kills in this place as a percentage of kills in entire the game.
 B = Kills by you in this place as a percentage of kills by you in the entire game.
 C = Kills by friends in this place as a percentage of kills by friends in the entire game.
 D = Other kills in this place as a percentage of other kills in the entire game.
 E = Experience gained in this place as a percentage of experience gained in the entire game.
 F = Experience gained in this place divided by the number of levels of this place that you have seen.
                   A       B       C       D       E      F
               +-------+-------+-------+-------+-------+----------------------
         Total | 100.0 | 100.0 |   N/A |   N/A | 100.0 |  15.0
       Dungeon | 100.0 | 100.0 |   N/A |   N/A | 100.0 |  15.0
               +-------+-------+-------+-------+-------+----------------------

Table legend: (Time is in decaauts)
 A = Elapsed time spent in this place.
 B = Non-inter-level travel time spent in this place.
 C = Inter-level travel time spent in this place.
 D = Time resting spent in this place.
 E = Time spent auto-exploring this place.
 F = Levels seen in this place.
 G = Mean time per level.
                   A        B        C        D        E       F      G
               +--------+--------+--------+--------+--------+-----+--------+
         Total |   1162 |   1119 |     43 |      0 |    965 |   2 |  581.0 |
       Dungeon |   1162 |   1119 |     43 |      0 |    965 |   2 |  581.0 |
               +--------+--------+--------+--------+--------+-----+--------+

Top non-repeatable levels by time:
     D:1: 740 daAuts
     D:2: 421 daAuts
